 Dungeon Crawl Stone Soup version 0.28-a0-1395-g4f6bc678fa (webtiles) character file.

Game seed: 4058836114926982800

11091 dracfodder the Frost Mage (level 11, -9/85 HPs)
             Began as a Black Draconian Ice Elementalist on Jan 4, 2022.
             Was a Believer of Vehumet.
             Mangled by an orc warlord (16 damage)
             ... in a bailey on Jan 5, 2022.
             The game lasted 01:40:22 (14154 turns).

dracfodder the Frost Mage (DrIE)                   Turns: 14154, Time: 01:40:25

Health: -9/85      AC: 17    Str: 10    XL:     11   Next: 44%
Magic:  15/25      EV: 14    Int: 21    God:    Vehumet [**....]
Gold:   568        SH:  0    Dex: 19    Spells: 7/30 levels left

rFire   x . .      SeeInvis .   a - +4 quarterstaff (chaos)
rCold   + . .      Faith    .   (shield currently unavailable)
rNeg    . . .      Spirit   .   (armour unavailable)
rPois   .          Reflect  .   (helmet restricted)
rElec   +          Harm     .   j - +0 cloak
rCorr   .          Rampage  .   (no gloves)
Will    .....                   (no boots)
Stlth   ++++......              o - amulet of regeneration
HPRegen 1.04/turn               n - +6 ring of dexterity
MPRegen 0.19/turn               H - ring of ice

@: ice-armoured, freezing walls, studying Short Blades
A: breathe lightning, AC +7, unfitting armour, electricity resistance,
cold-blooded, hooves 1, camouflage 1, agile 1, passive freeze, subdued magic 1
a: Breathe Lightning, Renounce Religion


You were in a bailey.
You worshipped Vehumet.
Vehumet was pleased with you.
You visited 2 branches of the dungeon, and saw 11 of its levels.
You also visited: Bailey.

You collected 568 gold pieces.

Inventory:

Hand Weapons
 a - a +4 quarterstaff of chaos (weapon)
 b - a +1 vorpal shortbow
 B - a +2 dire flail of holy wrath
Missiles
 c - 2 silver boomerangs
 d - 25 boomerangs
 g - 323 stones
 h - 39 poisoned darts
 k - 55 bolts
 q - 13 sling bullets
 v - 13 throwing nets
 z - 132 arrows
Armour
 j - a +0 cloak (worn)
Jewellery
 m - a ring of protection from cold
 n - a +6 ring of dexterity (left hand)
 o - an amulet of regeneration (around neck)
 p - a +4 ring of evasion
 x - a ring of poison resistance
 F - a ring of see invisible
 H - a ring of ice (right hand)
Wands
 w - a wand of paralysis (7)
 E - a wand of iceblast (11)
Scrolls
 s - a scroll of identify
 y - 5 scrolls of amnesia
 A - 3 scrolls of teleportation
 C - 2 scrolls of enchant weapon {unknown}
 J - a scroll of summoning {unknown}
 L - a scroll of blinking
Potions
 e - 2 potions of resistance {unknown}
 f - 2 potions of curing
 i - a potion of lignification
 l - a potion of haste
 r - 3 potions of degeneration {unknown}
 t - 2 potions of magic {unknown}
 u - a potion of heal wounds
 D - 3 potions of brilliance {unknown}
 G - a potion of berserk rage
 I - 2 potions of experience {unknown}
 K - a potion of invisibility {unknown}


   Skills:
 + Level 4.9 Fighting
 + Level 0.2 Short Blades
 + Level 6.7 Staves
 + Level 3.1 Bows
 + Level 1.0 Throwing
 + Level 3.7 Dodging
 + Level 3.5 Stealth
 * Level 10.1 Spellcasting
 + Level 3.5 Conjurations
 * Level 10.4 Ice Magic
 + Level 2.2 Air Magic
 + Level 0.3 Evocations


You had 7 spell levels left.
You knew the following spells:

 Your Spells              Type           Power      Damage    Failure   Level
a - Shock                 Conj/Air       68%        1d7       1%          1
b - Frozen Ramparts       Ice            100%       1d12      1%          3
c - Ozocubu's Armour      Ice            58%        N/A       1%          3
d - Hailstorm             Conj/Ice       46%        3d11      2%          4
e - Freezing Cloud        Conj/Ice/Air   19%        6-21      16%         5
f - Simulacrum            Ice/Necr       18%        N/A       71%         6
g - Freeze                Ice            100%       1d11      1%          1

Your spell library contained the following spells:

 Spells                   Type           Power      Damage    Failure   Level
 Stone Arrow              Conj/Erth      26%        3d8       8%          3
 Borgnjor's Revivificati  Necr           4%         N/A       100%        8
 Necromutation            Tmut/Necr      4%         N/A       100%        8
 Death's Door             Necr           4%         N/A       100%        9
 Polar Vortex             Ice            29%        N/A       100%        9


Dungeon Overview and Level Annotations

Branches:
Dungeon (10/15)            Temple (1/1) D:5            Lair (0/6) D:10
 Bailey (1/1)
    Orc: D:9-12

Altars:
Ashenzari
Cheibriados
Dithmenos
Elyvilon
Fedhas
Gozag
Hepliaklqana
Kikubaaqudgha
Makhleb
Nemelex Xobeh
Okawaru
Qazlal
Ru
Sif Muna
Trog
Uskayaw
Vehumet
Wu Jian
Xom
Yredelemnul
Zin
The Shining One

Shops:
D:6 (   D:9 [


Innate Abilities, Weirdness & Mutations

You can breathe wild blasts of lightning.
Your glossy black scales are hard. (AC +7)
You cannot fit into any form of body armour.
You are resistant to electric shocks. (rElec)
You are cold-blooded and may be slowed by cold attacks.
You have large cloven feet.
Your skin changes colour to match your surroundings (Stealth+).
You are agile. (Dex +2)
A frigid envelope surrounds you and freezes all who hurt you.
Your spells are a little easier to cast, but a little less powerful.


Message History

Press: ? - help, Dir - look around, f - activate You feel a surge of power!
The walls around you are covered in ice.
The wall freezes the orc warlord!
The orc warlord hits you with a +0 broad axe!!
The orc warlord is very cold.
The orc warlord is lightly wounded.
Casting: Frozen Ramparts (safe; 1% risk of failure)
Confirm with . or Enter, or press ? or * to list all spells.
You feel a surge of power! A film of ice covers your body!
The wall freezes the orc warlord.
The orc warlord hits you with a +0 broad axe!!
Unknown command.
Casting: Ozocubu's Armour (safe; 1% risk of failure)
Confirm with . or Enter, or press ? or * to list all spells.
Aiming: Freezing Cloud (dangerous; 16% risk of failure)
Press: ? - help, Dir - move target You feel a surge of power!
That beam is likely to hit you.
Continue anyway?
The orc warlord is engulfed in freezing vapours.
The wall freezes the orc warlord.
The orc warlord hits you with a +0 broad axe!
The orc warlord is very cold.
The orc warlord is moderately wounded.
Unknown command.
The orc warlord is engulfed in freezing vapours.
The wall freezes the orc warlord!
The orc warlord hits you with a +0 broad axe!!
* * * LOW HITPOINT WARNING * * *
The orc warlord is very cold.
The orc warlord is severely wounded.
Your +4 quarterstaff of chaos is briefly surrounded by a scintillating aura of random colours.
a - a +4 quarterstaff of chaos (weapon)
You hit the orc warlord but do no damage.
You kick the orc warlord.
The orc warlord is severely wounded.
The orc warlord is engulfed in freezing vapours.
The wall freezes the orc warlord!
The orc warlord hits you with a +0 broad axe!
You die...

#...8......#########...
##......####≈≈≈#≈≈≈##..
##.....#≈≈#≈.....[≈#..
##....#≈........?≈#..
#...##≈8.8...8.8##..
#...§§§.........#...
#...§§§....∩....#...
#...o§☼........o#...
#..@##≈8.8...8.8##..
##....#≈........?≈#.)
##.....#≈≈#≈.....}≈#..
##.....)####≈≈≈#≈≈≈##..
#..†8..)...#########...
#..........').)..'....8
#..........#≈≈≈≈≈#.....
##..8..8...#≈≈≈≈≈#.....
##.......##≈≈≈≈≈##...8


You could see an orc warlord.

Vanquished Creatures
  A boulder beetle (D:10)
  3 two-headed ogres
  A tengu warrior (D:10)
  An orc knight (Bailey)
  A cyclops (D:10)
  Grinder (D:3)
  A shadow (D:9)
  6 yaks
  A basilisk (D:10)
  3 wyverns
  Menkaure (D:7)
  An acid dragon (D:6)
  Duvessa (D:6)
  3 water moccasins (D:7)
  7 orc warriors
  An ice beast (D:7)
  2 sky beasts
  3 necrophages
  5 centaurs
  2 ogres (D:5)
  2 phantoms
  2 kobold brigands
  2 bullfrogs
  5 gnoll sergeants
  2 scorpions
  Dowan (D:6)
  A water moccasin skeleton (D:6)
  4 wights
  6 killer bees (D:9)
  An electric eel (D:6)
  3 howler monkeys
  6 jellies
  2 centaur zombies (D:9)
  8 hounds
  4 gnoll shamans
  2 bullfrog skeletons
  6 orc priests
  Crazy Yiuf (D:2)
  Terence (D:2)
  Jessica (D:2)
  2 centaur skeletons (D:7)
  2 orc wizards
  3 iguanas
  3 hound skeletons
  A howler monkey zombie (D:6)
  39 gnolls
  4 adders
  A shadow imp (D:5)
  An ufetubus (D:5)
  3 worms
  7 dart slugs
  30 orcs
  6 endoplasms
  5 giant cockroaches
  10 goblins
  9 hobgoblins
  7 jackals
  14 kobolds
  4 quokkas
  3 ball pythons
  7 bats
  3 frilled lizards
  7 rats
276 creatures vanquished.

Vanquished Creatures (others)
  A ball python (D:1)
  3 fungi
  2 plants (D:1)
6 creatures vanquished.

Grand Total: 282 creatures vanquished

Notes
Turn   | Place    | Note
-------+----------+-------------------------------------------
     0 | D:1      | dracfodder the Draconian Ice Elementalist began the quest
                  | for the Orb.
     0 | D:1      | Reached XP level 1. HP: 14/14 MP: 3/3
   537 | D:1      | Reached XP level 2. HP: 20/20 MP: 1/5
  1274 | D:1      | Reached XP level 3. HP: 26/26 MP: 4/6
  1283 | D:1      | Learned a level 3 spell: Frozen Ramparts
  1287 | D:1      | Learned a level 3 spell: Ozocubu's Armour
  1390 | D:1      | Found a faded altar of an unknown god.
  2172 | D:2      | Noticed Jessica
  2185 | D:2      | Killed Jessica
  2186 | D:2      | Reached XP level 4. HP: 23/33 MP: 4/8
  2279 | D:2      | Noticed Terence
  2286 | D:2      | Killed Terence
  2287 | D:2      | Reached skill level 5 in Ice Magic
  2398 | D:3      | Noticed Grinder
  2705 | D:2      | Found a runed translucent door.
  2706 | D:2      | Noticed Crazy Yiuf
  2713 | D:2      | Killed Crazy Yiuf
  2714 | D:2      | Reached XP level 5. HP: 11/38 MP: 1/10
  2965 | D:3      | Paralysed by Grinder for 5 turns
  2972 | D:3      | Killed Grinder
  2973 | D:3      | Reached XP level 6. HP: 38/45 MP: 8/12
  3222 | D:3      | Learned a level 4 spell: Hailstorm
  5114 | D:4      | Reached skill level 1 in Staves
  5247 | D:5      | Entered Level 5 of the Dungeon
  5342 | D:5      | Your scales start taking on a glossy black colour.
  5342 | D:5      | Reached XP level 7. HP: 17/51 MP: 10/14
  5342 | D:5      | Gained mutation: You are resistant to electric shocks.
                  | (rElec) [Black Draconian growth]
  5343 | D:5      | Found a staircase to the Ecumenical Temple.
  5587 | D:5      | Reached skill level 5 in Spellcasting
  5623 | D:5      | Found a white marble altar of Elyvilon.
  5667 | D:5      | Reached skill level 1 in Fighting
  6124 | D:5      | Reached XP level 8. HP: 48/59 MP: 4/16
  6528 | D:4      | Gained mutation: You are occasionally teleported next to
                  | monsters. [potion of mutation]
  6528 | D:4      | Gained mutation: Your spells are a little easier to cast,
                  | but a little less powerful. [potion of mutation]
  6528 | D:4      | Gained mutation: Your tail ends in a venomous barb. [potion
                  | of mutation]
  7460 | D:6      | Noticed Duvessa
  7460 | D:6      | Noticed Dowan
  7465 | D:6      | Noticed a two-headed ogre
  7565 | D:5      | Reached skill level 1 in Conjurations
  8030 | D:6      | Killed Duvessa
  8154 | D:6      | Killed Dowan
  8276 | D:6      | Reached XP level 9. HP: 27/67 MP: 15/19
  8417 | D:6      | Killed a two-headed ogre
  8418 | D:6      | Reached skill level 5 in Staves
  8703 | D:6      | Learned a level 4 spell: Hailstorm
  8711 | D:7      | Noticed Menkaure
  8868 | D:7      | Killed Menkaure
  8869 | D:7      | Reached skill level 1 in Throwing
  8963 | D:7      | Reached XP level 10. HP: 43/77 MP: 16/22
  9018 | D:7      | Noticed a two-headed ogre
  9031 | D:7      | Killed a two-headed ogre
  9032 | D:7      | Reached skill level 1 in Bows
  9753 | Temple   | Entered the Ecumenical Temple
  9968 | Temple   | Became a worshipper of Vehumet
 10012 | Temple   | Identified a scroll of acquirement
 10012 | Temple   | Acquired a book of Ice
 10020 | Temple   | Learned a level 5 spell: Freezing Cloud
 10027 | Temple   | Learned a level 6 spell: Simulacrum
 10550 | D:6      | Reached * piety under Vehumet
 10550 | D:6      | Offered knowledge of Shock by Vehumet.
 10931 | D:6      | Found Uskutuang's Weapon Boutique.
 11479 | D:8      | HP: 3/78 [centaur (3)]
 11479 | D:8      | HP: 1/78 [orc (2)]
 11802 | D:8      | Lost mutation: Your tail ends in a venomous barb. [potion
                  | of mutation]
 11802 | D:8      | Lost mutation: You are occasionally teleported next to
                  | monsters. [potion of mutation]
 11802 | D:8      | Gained mutation: Your skin changes colour to match your
                  | surroundings (Stealth+). [potion of mutation]
 11802 | D:8      | Gained mutation: You have large cloven feet. [potion of
                  | mutation]
 11802 | D:8      | Gained mutation: You are agile. (Dex +2) [potion of
                  | mutation]
 11802 | D:8      | Gained mutation: A frigid envelope surrounds you and
                  | freezes all who hurt you. [potion of mutation]
 11935 | D:8      | Reached skill level 1 in Air Magic
 11937 | D:8      | Learned a level 1 spell: Shock
 12460 | D:9      | Found Pikles's Armour Shoppe.
 13303 | D:10     | Entered Level 10 of the Dungeon
 13303 | D:10     | Noticed a tengu warrior
 13311 | D:10     | Noticed a cyclops
 13324 | D:10     | Killed a tengu warrior
 13325 | D:10     | Reached skill level 10 in Ice Magic
 13325 | D:10     | Reached XP level 11. HP: 38/85 MP: 24/24
 13352 | D:10     | Noticed a boulder beetle
 13386 | D:10     | Killed a boulder beetle
 13386 | D:10     | Reached ** piety under Vehumet
 13450 | D:10     | Found a staircase to the Lair.
 13481 | D:10     | Offered knowledge of Sandblast by Vehumet.
 13652 | D:10     | Noticed a two-headed ogre
 13664 | D:10     | Killed a two-headed ogre
 13665 | D:10     | Reached skill level 10 in Spellcasting
 13797 | D:10     | Found a flagged portal.
 13821 | Bailey   | Entered a bailey
 13870 | Bailey   | Noticed an orc warlord
 13956 | Bailey   | Offered knowledge of Stone Arrow by Vehumet.
 13993 | Bailey   | Noticed an orc knight
 14000 | Bailey   | Killed an orc knight
 14042 | Bailey   | Found a runed translucent gate.
 14045 | Bailey   | Found a runed translucent gate.
 14046 | Bailey   | Found a runed translucent gate.
 14154 | Bailey   | Mangled by an orc warlord

Illustrated notes

Levels and vault maps discovered:
D:1:      wheals_arrival_linesprint, layout_loops_ring,
          shapermc_ecumenical_altar_mp_ritualfount, st_stairs_10,
          nrook_loot_triangle
D:2:      layout_rooms, uniq_terence, uniq_crazy_yiuf_cottage, uniq_jessica
D:3:      layout_loops_cross, minmay_distorted, uniq_grinder
D:4:      layout_cave_pods, hangedman_decor_lopped, minmay_manual_monstrance
D:5:      layout_loops_ring, nicolae_elyvilon_peaceful_grove,
          minmay_temple_entry_sparse_star, cheibrodos_sewer_entry_bend
D:6:      minmay_recursive_quarters, layout_cave_pools, serial_gnoll_camp,
          gnoll_camp_mini_shop, gnoll_camp_mini_house, gnoll_camp_mini_hut,
          gnoll_camp_huts_moat, gnoll_camp_medium_01, uniq_duvessa
D:7:      layout_basic, minivault_27, minmay_fractal_squares_5, uniq_menkaure
D:8:      layout_rooms, serial_glass, glass_columns_a, glass_columns_a
D:9:      nzn_winding_woodlands_small [nzn_winding_woodlands_5x15_parted,
          nzn_winding_woodlands_center_triple_pond,
          nzn_winding_woodlands_5x15_pool], layout_basic, serial_curves,
          eino_curves_04, eino_curves_02, serial_shops, nicolae_shop_statue_plus
D:10:     layout_gridville, lair_entry_dummy, enter_bailey_3,
          minmay_diamond_spiral
Temple:   kilobyte_greek_temple
Bailey:   bailey_axe_bossmonster_kennysheep, bailey

Skill      XL: |  1  2  3  4  5  6  7  8  9 10 11 |
---------------+----------------------------------+-----
Spellcasting   | 3 4 5 6 8 9 10 | 10.1
Ice Magic      | 5 6 7 8 10 | 10.4
Dodging        | 2 3 |  3.7
Stealth        | 2 3 |  3.5
Staves         | 1 3 4 6 |  6.7
Fighting       | 1 2 3 4 |  4.9
Conjurations   | 1 2 3 |  3.5
Throwing       | 1 |  1.0
Bows           | 2 3 |  3.1
Air Magic      | 1 2 |  2.2
Short Blades   | |  0.2
Evocations     | |  0.3

Action                   |  1- 3 |  4- 6 |  7- 9 | 10-12 || total
-------------------------+-------+-------+-------+-------++-------
Melee: Unarmed           |    11 |       |       |       ||    11
       Tailslap          |     2 |     3 |    11 |    10 ||    26
       Short sword       |    13 |    11 |       |       ||    24
       Quarterstaff      |       |    39 |   136 |    63 ||   238
       Kick              |       |       |       |    10 ||    10
 Fire: Shortbow          |       |       |    13 |   122 ||   135
Throw: Stone             |     1 |    12 |       |       ||    13
       Boomerang         |       |       |    16 |       ||    16
       Throwing net      |       |       |       |     1 ||     1
 Cast: Freeze            |    40 |    14 |    18 |     6 ||    78
       Frozen Ramparts   |     4 |    14 |    20 |    14 ||    52
       Ozocubu's Armour  |       |     4 |     3 |     5 ||    12
       Hailstorm         |       |    14 |    37 |    41 ||    92
       Shock             |       |       |       |    21 ||    21
       Freezing Cloud    |       |       |       |    24 ||    24
 Abil: Breathe Lightning |       |       |     9 |     1 ||    10
Evoke: Wand              |       |       |       |     8 ||     8
  Use: Scroll            |       |     4 |     4 |     6 ||    14
       Potion            |       |       |     2 |     4 ||     6
 Stab: Sleeping          |     1 |     1 |     1 |       ||     3
       Paralysed         |       |       |       |     1 ||     1
Armor: Skin              |    10 |    23 |    58 |    62 ||   153
Dodge: Dodged            |    34 |    32 |   129 |   121 ||   316

Table legend: (Time is in decaauts)
 A = Elapsed time spent in this place.
 B = Non-inter-level travel time spent in this place.
 C = Inter-level travel time spent in this place.
 D = Time resting spent in this place.
 E = Time spent auto-exploring this place.
 F = Levels seen in this place.
 G = Mean time per level.
                   A        B        C        D        E       F      G
               +--------+--------+--------+--------+--------+-----+--------+
         Total |  14233 |  13713 |    520 |   5472 |   5457 |  12 | 1186.1 |
       Dungeon |  13596 |  13160 |    436 |   5415 |   5290 |  10 | 1359.6 |
        Temple |    292 |    208 |     84 |      9 |    166 |   1 |  292.0 |
        Bailey |    344 |    344 |      0 |     48 |      1 |   1 |  344.0 |
               +--------+--------+--------+--------+--------+-----+--------+

Top non-repeatable levels by time:
     D:3: 2132 daAuts
     D:6: 2002 daAuts
     D:5: 1781 daAuts
     D:1: 1781 daAuts
     D:7: 1302 daAuts
     D:4: 1292 daAuts
     D:2: 1192 daAuts
     D:9: 852 daAuts
     D:8: 741 daAuts
    D:10: 518 daAuts
  Bailey: 344 daAuts
  Temple: 292 daAuts
